 Dungeon Crawl Stone Soup version 0.25.0-1-g7eea58d2a3 (webtiles) character file.

Game seed: 9490900134719734040

837 gruber the Archer (level 7, -10/56 HPs)
             Began as a Minotaur Hunter on June 14, 2020.
             Was a Follower of Okawaru.
             Killed from afar by Maggie (21 damage)
             ... with a bolt of fire
             ... on level 6 of the Dungeon.
             The game lasted 00:05:04 (5204 turns).

gruber the Archer (Minotaur Hunter)                 Turns: 5204, Time: 00:05:05

Health: -10/56     AC:  4    Str: 19    XL:     7   Next: 66%
Magic:  6/6        EV: 12    Int:  8    God:    Okawaru [*.....]
Gold:   298        SH:  0    Dex: 10    Spells: 6/6 levels left

rFire    . . .     SeeInvis .   b - +2 short sword (vamp)
rCold    . . .     Gourm    .   (no shield)
rNeg     . . .     Faith    .   c - +0 leather armour
rPois    .         Spirit   .   (helmet restricted)
rElec    .         Reflect  .   r - +0 cloak
rCorr    .         Harm     .   (no gloves)
MR       .....                  (no boots)
Stlth    +.........             (no amulet)
HPRegen  0.18/turn              (no ring)
MPRegen  0.10/turn              (no ring)

@: lightly drained
A: retaliatory headbutt, horns 2
a: Heroism, Renounce Religion


You were on level 6 of the Dungeon.
You worshipped Okawaru.
Okawaru was aware of your devotion.
You were very hungry.

You visited 2 branches of the dungeon, and saw 7 of its levels.

You collected 298 gold pieces.

Inventory:

Hand Weapons
 a - a +1 shortbow
 b - a +2 vampiric short sword (weapon)
Missiles
 d - 88 arrows
 h - 2 atropa-tipped darts (quivered)
 p - 7 datura-tipped darts
 t - 2 throwing nets
Armour
 c - a +0 leather armour (worn)
 r - a +0 cloak (worn)
Jewellery
 v - an uncursed ring of ice {unknown}
Wands
 x - a wand of iceblast (8)
Scrolls
 e - 2 scrolls of remove curse {unknown}
 i - 2 scrolls of random uselessness {unknown}
 k - 4 scrolls of teleportation {unknown}
 m - 2 scrolls of noise {unknown}
 o - 2 scrolls of identify {unknown}
 q - 2 scrolls of blinking {unknown}
 s - 2 scrolls of magic mapping {unknown}
 u - 3 scrolls of enchant armour {unknown}
 y - 2 scrolls of immolation {unknown}
Potions
 g - 2 potions of heal wounds {unknown}
 j - a potion of degeneration {unknown}
 l - 4 potions of curing {unknown}
 n - 2 potions of ambrosia {unknown}
 w - 2 potions of flight {unknown}
 z - a potion of haste {unknown}
 A - 2 potions of brilliance {unknown}
Comestibles
 f - 12 rations


   Skills:
 - Level 2.4(2.0) Fighting
 - Level 3.0(2.6) Short Blades
 - Level 9.0(8.5) Bows
 - Level 4.3(3.9) Armour
 * Level 2.3(1.9) Dodging
 - Level 0.7(0.3) Stealth


You had 6 spell levels left.
You didn't know any spells.
Your spell library was empty.

Dungeon Overview and Level Annotations

Branches:
Dungeon (6/15)             Temple (1/1) D:4

Altars:
Ashenzari
Cheibriados
Elyvilon
Gozag
Hepliaklqana
Kikubaaqudgha
Makhleb
Nemelex Xobeh
Okawaru
Qazlal
Ru
Sif Muna
Trog
Vehumet
Wu Jian
Yredelemnul
Zin
The Shining One

Annotations:
D:6 Maggie


Innate Abilities, Weirdness & Mutations

You reflexively headbutt those who attack you in melee.
You have a pair of horns on your head.


Message History

You hit Maggie but do no damage.
Maggie is severely wounded.
You closely miss Maggie. You headbutt Maggie.
Maggie is almost dead.
You break out of your daze.
Maggie points at you and mumbles some strange words.
The bolt of fire misses you.
You barely miss Maggie. Your headbutt misses Maggie.
Maggie is almost dead.
Maggie casts a spell.
Maggie attempts to bespell you! You resist.
You hit Maggie. You headbutt Maggie, but do no damage.
Maggie is almost dead.
Maggie zaps a wand.
The puff of flame hits you.
* * * LOW HITPOINT WARNING * * *
You closely miss Maggie.
Maggie is almost dead.
Maggie points at you and mumbles some strange words.
The bolt of fire hits you!!
You die...

######### .......<#
........# #######.#
.##########.########
....................
######(###.########
#...@..#.#
#...@..#.#
#......#.#
#......#..
.....(..#..
##.(.....#..
.....(...
###.##.#)..


You could see Maggie.

Vanquished Creatures
  An ice beast (D:5)
  A sky beast (D:5)
  A phantom (D:4)
  2 centaurs (D:5)
  A crimson imp (D:5)
  A hound (D:4)
  An orc wizard (D:4)
  A bullfrog skeleton (D:5)
  An orc priest (D:5)
  A worker ant (D:5)
  A hound zombie (D:5)
  4 adders
  4 gnolls
  An adder skeleton (D:5)
  An adder zombie (D:5)
  2 worms
  5 dart slugs
  3 leopard geckos (D:2)
  9 orcs
  5 giant cockroaches
  8 goblins
  14 hobgoblins
  15 jackals
  6 kobolds
  5 quokkas
  A ball python (D:4)
  9 bats
  A frilled lizard (D:2)
  A jackal zombie (D:5)
  A leopard gecko skeleton (D:4)
  A quokka skeleton (D:4)
  5 rats
113 creatures vanquished.

Notes
Turn   | Place    | Note
-------+----------+-------------------------------------------
     0 | D:1      | gruber the Minotaur Hunter began the quest for the Orb.
     0 | D:1      | Reached XP level 1. HP: 18/18 MP: 0/0
    46 | D:1      | Reached skill level 1 in Short Blades
   307 | D:1      | Reached XP level 2. HP: 18/25 MP: 1/1
   749 | D:1      | Reached XP level 3. HP: 30/30 MP: 2/2
  1007 | D:1      | Reached skill level 1 in Armour
  1817 | D:2      | Reached XP level 4. HP: 29/37 MP: 3/3
  2881 | D:3      | Reached XP level 5. HP: 42/42 MP: 4/4
  3260 | D:4      | Noticed a phantom
  3284 | D:4      | Killed a phantom
  3284 | D:4      | Reached skill level 5 in Bows
  3515 | D:4      | Reached XP level 6. HP: 50/50 MP: 5/5
  3531 | D:4      | Found a staircase to the Ecumenical Temple.
  3539 | D:4      | Reached skill level 6 in Bows
  3876 | Temple   | Entered the Ecumenical Temple
  4036 | Temple   | Became a worshipper of Warmaster Okawaru
  4096 | D:5      | Entered Level 5 of the Dungeon
  4235 | D:5      | Reached skill level 7 in Bows
  4318 | D:5      | Noticed an ice beast
  4334 | D:5      | Killed an ice beast
  4334 | D:5      | Reached * piety under Okawaru
  4334 | D:5      | Reached XP level 7. HP: 24/56 MP: 6/6
  4738 | D:5      | Reached skill level 8 in Bows
  4985 | D:5      | Reached skill level 9 in Bows
  5183 | D:6      | Noticed Maggie
  5204 | D:6      | Killed from afar by Maggie

Illustrated notes

Levels and vault maps discovered:
D:1:      minmay_arrival_stair_chambers, layout_rooms, serial_co_window_serial,
          co_window_corner_a, co_window_of_opportunity_a,
          co_window_of_opportunity_a, co_window_corner_a, co_window_paths_b,
          co_window_paths_a, co_window_paths_a, co_window_corner_a,
          co_window_corner_a, co_window_corner_b, co_window_corner_cb,
          co_window_2corner, co_window_broadway_b, co_window_of_opportunity_b,
          solitary_fountain, dk_noncrumbling_3, minmay_heptomino_o4
D:2:      cheibrodos_greedy_goblins, layout_rooms
D:3:      layout_rooms, corner_web_ring
D:4:      layout_rooms, minmay_temple_entry_nine_rooms, first_ration
D:5:      layout_basic, hangedman_abyss_or_decor_slice
D:6:      layout_basic, serial_shops, nicolae_shop_crystal, uniq_grinder,
          uniq_maggie, uniq_prince_ribbit1
Temple:   dpeg_five_rooms_temple

Skill      XL: |  1  2  3  4  5  6  7 |
---------------+----------------------+-----
Short Blades   | 1 3 |  3.0
Armour         | 2 4 |  4.3
Bows           | 5 7 9 |  9.0
Fighting       | |  2.4
Dodging        | |  2.3
Stealth        | |  0.7

Action                   |  1- 3 |  4- 6 |  7- 9 || total
-------------------------+-------+-------+-------++-------
Melee: Short sword       |    95 |    92 |    37 ||   224
       Headbutt          |    16 |    20 |     5 ||    41
 Fire: Shortbow          |       |    97 |    61 ||   158
  Eat: Chunk             |     3 |     8 |     1 ||    12
Armor: Leather armour    |    25 |    32 |     9 ||    66
Dodge: Dodged            |    67 |    80 |    26 ||   173
